 Dungeon Sprint DCSS version 0.30-a0-122-g2a1322497e (webtiles) character file.

Game seed: 3256640564887043593

355 rocky1 the Fighter (level 6, -5/118 HPs)
             Began as an Ogre Gladiator on Sept 16, 2022.
             Was an Initiate of Gozag.
             Slain by a demonic crawler (6 damage)
             ... in the Dungeon (Sprint VII: "The Pits").
             The game lasted 00:02:22 (653 turns).

rocky1 the Fighter (Ogre Gladiator)                  Turns: 653, Time: 00:02:23

Health: -5/118     AC: 10    Str: 21    XL:     6   Next: 63%
Magic:  6/6        EV: 12    Int:  9    God:    Gozag
Gold:   954        SH:  0    Dex: 10    Spells: 5/5 levels left

rFire   . . .      SeeInvis .    p - +1 flail (protect)
rCold   . . .      Faith    .    (no shield)
rNeg    . . .      Spirit   .    b - +0 robe
rPois   .          Reflect  .    c - +0 hat
rElec   .          Harm     .    (no cloak)
rCorr   .          Rampage  .    (gloves unavailable)
Will    .....      NoTele   +    (boots unavailable)
Stlth   ..........               (no amulet)
HPRegen 0.29/turn                (no ring)
MPRegen 0.10/turn                (no ring)

@: berserking, under a protective aura, very quick
A: large, unfitting armour, tough skin 1
a: Renounce Religion, Potion Petition, Call Merchant, Bribe Branch


You were in the Dungeon.
You worshipped Gozag.
Gozag was pleased with you.
You visited 1 branch You collected 954 gold pieces.

Inventory:

Hand Weapons
 a - a +0 hand axe of freezing
 o - a +2 vorpal flail
 p - a +1 flail of protection (weapon)
 q - a +0 giant club
Missiles
 d - 3 throwing nets
 e - a large rock (quivered)
Armour
 b - a +0 robe (worn)
 c - a +0 hat (worn)
Scrolls
 k - a scroll of blinking
 m - 5 scrolls of amnesia
 n - a scroll of summoning
Potions
 f - 6 potions of curing
 g - 5 potions of heal wounds
 h - a potion of haste
 i - 4 potions of magic
 l - 2 potions of invisibility


   Skills:
 + Level 10.6 Fighting
 + Level 7.7 Maces & Flails
 - Level 2.0 Throwing
 + Level 7.8 Dodging


You had 5 spell levels left.
You didn't know any spells.
Your spell library was empty.

Dungeon Overview and Level Annotations

Branches:
Dungeon (1/1)

Altars:
Ashenzari
Cheibriados
Dithmenos
Elyvilon
Fedhas
Gozag
Hepliaklqana
Kikubaaqudgha
Makhleb
Nemelex Xobeh
Okawaru
Qazlal
Ru
Sif Muna
Trog
Uskayaw
Vehumet
Wu Jian
Xom
Yredelemnul
Zin
The Shining One
Jiyva
Lugonu


Innate Abilities, Weirdness & Mutations

You are too large for most types of armour.
You have tough skin. (AC +1)


Message History

You hit the demonic crawler.
Your weapon exudes an aura of protection.
The demonic crawler is lightly wounded.
The demonic crawler closely misses you. The demonic crawler hits you. x2
You sock the demonic crawler!
The demonic crawler is lightly wounded.
You sock the demonic crawler!
The demonic crawler is moderately wounded.
The demonic crawler barely misses you. The demonic crawler hits you.
The demonic crawler hits you but does no damage.
You completely miss the demonic crawler.
The demonic crawler is moderately wounded.
The demonic crawler hits you! x2; The demonic crawler misses you.
You hit the demonic crawler.
The demonic crawler is moderately wounded.
The demonic crawler hits you!
* * * LOW HITPOINT WARNING * * *
The demonic crawler hits you.
* * * LOW HITPOINT WARNING * * *
The demonic crawler hits you but does no damage.
You hit the demonic crawler.
The demonic crawler is moderately wounded.
The demonic crawler hits you.
* * * LOW HITPOINT WARNING * * *
The demonic crawler hits you but does no damage.
The demonic crawler misses you.
You barely miss the demonic crawler.
The demonic crawler is moderately wounded.
The demonic crawler hits you!
* * * LOW HITPOINT WARNING * * *
The demonic crawler hits you!
* * * LOW HITPOINT WARNING * * *
The demonic crawler hits you.
* * * LOW HITPOINT WARNING * * *
You are too berserk!
You bludgeon the demonic crawler!!
The demonic crawler is severely wounded.
The demonic crawler barely misses you. The demonic crawler hits you.
You die...
Your body crumbles into a pile of gold.

#.#..#.)))[##.......#
#'###########.......#
#.......# #########
#...#...# #...#...#
#.##.##.#+#
#...#...#.+
#...#...#s#
#.......'@#
###########


You could see a demonic crawler.

Vanquished Creatures
  A sky beast (D)
  An ogre (D)
  A scorpion (D)
  A quasit (D)
  A hound (D)
  Terence (D)
  A white imp (D)
  2 ufetubi (D)
  An adder skeleton (D)
  A bat (D)
  2 endoplasms (D)
  2 hobgoblins (D)
  A ball python skeleton (D)
16 creatures vanquished.

Notes
Turn   | Place    | Note
-------+----------+-------------------------------------------
     0 | D        | rocky1 the Ogre Gladiator began the quest for the Orb.
     0 | D        | Reached XP level 1. HP: 22/22 MP: 1/1
    16 | D        | Reached skill level 3 in Fighting
    20 | D        | Found a bloodstained altar of Trog.
    20 | D        | Found a shimmering blue altar of Sif Muna.
    20 | D        | Found a viscous altar of Jiyva.
    20 | D        | Found a hazy altar of Hepliaklqana.
    20 | D        | Found an opulent altar of Gozag.
    21 | D        | Found a glowing golden altar of the Shining One.
    21 | D        | Found a glowing silver altar of Zin.
    21 | D        | Found a basalt altar of Yredelemnul.
    21 | D        | Found a shimmering altar of Xom.
    21 | D        | Found an ornate altar of the Wu Jian Council.
    21 | D        | Found a sacrificial altar of Ru.
    21 | D        | Found a stormy altar of Qazlal.
    21 | D        | Found an iron altar of Okawaru.
    21 | D        | Found a sparkling altar of Nemelex Xobeh.
    21 | D        | Found a burning altar of Makhleb.
    21 | D        | Found a blossoming altar of Fedhas.
    21 | D        | Found a white marble altar of Elyvilon.
    21 | D        | Found a shadowy altar of Dithmenos.
    21 | D        | Found a snail-covered altar of Cheibriados.
    24 | D        | Found a corrupted altar of Lugonu.
    24 | D        | Found a radiant altar of Vehumet.
    25 | D        | Found an ancient bone altar of Kikubaaqudgha.
    25 | D        | Found a hide-covered altar of Uskayaw.
    25 | D        | Found a broken altar of Ashenzari.
    28 | D        | Became a worshipper of Gozag Ym Sagoz the Greedy
    77 | D        | Reached skill level 4 in Fighting
    77 | D        | Reached XP level 2. HP: 18/32 MP: 2/2
   318 | D        | Noticed a scorpion
   322 | D        | Killed a scorpion
   323 | D        | Reached skill level 6 in Fighting
   323 | D        | Reached XP level 3. HP: 45/45 MP: 3/3
   323 | D        | Reached XP level 4. HP: 53/53 MP: 4/4
   368 | D        | Reached skill level 5 in Maces & Flails
   368 | D        | Reached skill level 5 in Dodging
   474 | D        | Noticed Terence
   474 | D        | Noticed an ogre
   490 | D        | Reached skill level 7 in Fighting
   494 | D        | Reached skill level 8 in Fighting
   494 | D        | Reached XP level 5. HP: 63/63 MP: 5/5
   495 | D        | Killed an ogre
   496 | D        | Reached skill level 9 in Fighting
   496 | D        | Reached XP level 6. HP: 76/76 MP: 6/6
   502 | D        | Killed Terence
   555 | D        | Noticed a sky beast
   569 | D        | Killed a sky beast
   570 | D        | Reached skill level 10 in Fighting
   642 | D        | Noticed a demonic crawler
   652 | D        | HP: 1/118 [demonic crawler (5)]
   653 | D        | Slain by a demonic crawler

Illustrated notes

Levels and vault maps discovered:
D:        pitsprint [storerooms_1, entrance_room_1, metal_vault_5, armoury_3,
          mini_pit_1, grid_room_1, main_hall_1, silver_pit, the_coven_1,
          the_vestibule_1, steel_vault_5, golden_pit, hallway_of_sentries,
          crystal_vault_4, iron_vault_1, final_vault]

Skill      XL: |  1  2  3  4  5  6 |
---------------+-------------------+-----
Fighting       | 4 6 8 9 10 | 10.6
Maces & Flails | 3 4 6 7 |  7.7
Dodging        | 3 4 6 7 |  7.8
Throwing       | |  2.0

Action                   |  1- 3 |  4- 6 || total
-------------------------+-------+-------++-------
Melee: Flail             |    17 |    58 ||    75
Throw: Large rock        |       |     1 ||     1
  Use: Potion            |     2 |     2 ||     4
Armor: Robe              |     8 |    26 ||    34
Dodge: Dodged            |    21 |    39 ||    60

Table legend: (Time is in decaauts)
 A = Elapsed time spent in this place.
 B = Non-inter-level travel time spent in this place.
 C = Inter-level travel time spent in this place.
 D = Time resting spent in this place.
 E = Time spent auto-exploring this place.
 F = Levels seen in this place.
 G = Mean time per level.
                   A        B        C        D        E       F      G
               +--------+--------+--------+--------+--------+-----+--------+
         Total |    670 |    648 |     22 |    385 |      0 |   1 |  670.0 |
       Dungeon |    670 |    648 |     22 |    385 |      0 |   1 |  670.0 |
               +--------+--------+--------+--------+--------+-----+--------+

Top non-repeatable levels by time:
       D: 670 daAuts
